 Dungeon Crawl Stone Soup version 0.17.0-56-gd8de76c (console) character file.

273 Kloppie the Conjurer (level 6, -6/36 HPs)
             Began as a High Elf Conjurer on Dec 6, 2015.
             Mangled by a giant frog (7 damage)
             ... in a sewer.
             The game lasted 00:06:16 (3728 turns).

Kloppie the Conjurer (High Elf Conjurer)            Turns: 3728, Time: 00:06:16

Health: -6/36      AC:  2    Str:  7    XL:     6   Next: 2%
Magic:  10/14      EV: 13    Int: 21    God:
Gold:   89         SH:  0    Dex: 16    Spells: 4 memorised, 3 levels left

rFire  . . .     SeeInvis .     r - +0 halberd
rCold  . . .     Clarity  .     a - +0 robe
rNeg   . . .     SustAt   .     (shield currently unavailable)
rPois  .         Gourm    .     (no helmet)
rElec  .         Spirit   .     (no cloak)
rCorr  .         Warding  .     (no gloves)
rMut   .         Stasis   .     (no boots)
MR     .....                    (no amulet)
Stlth  +.........               (no ring)
                                (no ring)

@: very slightly contaminated, not resistant to hostile enchantments, very
unstealthy
A: no striking features
a: no special abilities


You were in a sewer.
You were not hungry.

You visited 1 branch of the dungeon, and saw 3 of its levels.
You also visited: Sewer.

You collected 89 gold pieces.

Inventory:

Hand Weapons
 h - a +0 short sword
 n - a +0 spear
 r - a +0 halberd (weapon)
Armour
 a - a +0 robe (worn)
Jewellery
 f - an uncursed amulet of the gourmand {unknown}
Wands
 w - a wand of draining (4)
Scrolls
 e - a scroll of immolation {unknown}
 g - 4 scrolls of identify {unknown}
 l - a scroll of teleportation {unknown}
 s - a scroll of fog {unknown}
 t - a scroll of amnesia {unknown}
 u - a scroll of enchant weapon {unknown}
 x - a scroll of magic mapping {unknown}
Potions
 d - 2 potions of heal wounds {unknown}
 k - 6 potions of curing {unknown}
 m - a potion of agility {unknown}
 p - a potion of brilliance {unknown}
 v - a potion of ambrosia {unknown}
Books
 b - a book of Conjurations

   Spells                             Type                      Level
   a - Magic Dart                     Conjuration                  1
   b - Searing Ray                    Conjuration                  2
   c - Dazzling Spray                 Conjuration/Hexes            3
   d - Fulminant Prism                Conjuration/Hexes            4
   e - Iskenderun's Mystic Blast      Conjuration                  4
   f - Iskenderun's Battlesphere      Conjuration/Charms           5
Comestibles
 c - 2 bread rations
 i - a slice of pizza
 j - a beef jerky
 o - 2 meat rations
 q - a chunk of flesh


   Skills:
 - Level 2.1 Dodging
 - Level 2.1 Stealth
 + Level 5.1 Spellcasting
 + Level 6.2 Conjurations
 + Level 1.9 Charms


You had 3 spell levels left.
You knew the following spells:

 Your Spells              Type           Power        Failure   Level  Hunger
a - Magic Dart            Conj           ####         1%          1    None
b - Searing Ray           Conj           ####..       1%          2    None
c - Iskenderun's Mystic   Conj           ####....     10%         4    ####...
d - Iskenderun's Battles  Conj/Chrm      ###.....     67%         5    #####..


Dungeon Overview and Level Annotations

Branches:
Dungeon (3/15)

Altars:


Message History

* * * LOW HITPOINT WARNING * * *
The giant frog barely misses you.
Casting: Magic Dart
Confirm with . or Enter, or press ? or * to list all spells.
Aiming: Searing Ray
Press: ? - help, Shift-Dir - straight line, f/p - giant frog
Aim: a giant frog (heavily wounded)
You miscast Searing Ray.
You are very lightly contaminated with residual magic.
Nothing appears to happen.
The giant frog hits you.
* * * LOW HITPOINT WARNING * * *
The giant frog barely misses you. The giant frog hits you.
* * * LOW HITPOINT WARNING * * *
The giant frog hits you.
* * * LOW HITPOINT WARNING * * *
The giant frog hits you.
* * * LOW HITPOINT WARNING * * *
The giant frog hits you!
You die...

#≈# #≈# #≈#
###≈##########################
#..≈.≈.≈≈.≈≈≈.....≈.≈≈.≈...†.#
#.≈≈≈≈≈≈≈≈≈≈≈≈≈≈≈≈≈≈≈≈≈≈≈≈≈≈.#
#.≈≈≈≈≈≈≈≈≈≈≈≈≈≈≈≈≈≈≈≈≈≈≈≈≈≈.#
#.≈≈≈≈≈≈≈≈≈≈≈≈≈≈≈≈≈≈≈≈≈≈≈≈≈≈.#
#.÷≈≈≈≈≈≈≈≈.F@..≈≈.≈≈..≈.....#
##≈≈≈##≈≈≈≈≈################.#
#≈≈≈##≈≈≈≈.# #.# #≈≈≈##≈≈≈≈.#
#.# #.≈÷##.≈≈≈.# #### #.#
#.≈≈##.≈≈≈†###≈≈≈≈ #.#
#≈≈.##.≈≈≈.#≈≈≈≈≈≈ #.#
#.≈.##.≈≈≈.#≈≈≈≈≈F #.#
##≈###.≈≈≈.≈≈≈F≈≈≈ #.#


You could see a giant frog.

Vanquished Creatures
  A giant frog (Sewer)
  4 gnolls (D:2)
  11 adders
  2 worms
  5 giant geckos
  6 giant cockroaches
  7 goblins
  6 hobgoblins
  2 quokkas
  2 ball pythons (D:1)
  9 bats
  12 giant newts
  7 kobolds
  11 rats
85 creatures vanquished.

Notes
Turn   | Place    | Note
--------------------------------------------------------------
     0 | D:1      | Kloppie the High Elf Conjurer began the quest for the Orb.
     0 | D:1      | Reached XP level 1. HP: 11/11 MP: 4/4
   682 | D:1      | Reached XP level 2. HP: 17/17 MP: 3/6
   715 | D:1      | Learned a level 2 spell: Searing Ray
  1728 | D:2      | Reached XP level 3. HP: 21/21 MP: 8/8
  1763 | D:2      | Reached skill level 5 in Conjurations
  2194 | D:2      | Reached XP level 4. HP: 27/27 MP: 6/10
  2388 | D:2      | Learned a level 4 spell: Iskenderun's Mystic Blast
  2726 | D:2      | Reached XP level 5. HP: 31/31 MP: 10/12
  2910 | D:2      | Learned a level 5 spell: Iskenderun's Battlesphere
  3161 | D:3      | Found a glowing drain.
  3169 | Sewer    | Entered a sewer
  3200 | Sewer    | Reached skill level 1 in Charms
  3428 | Sewer    | Reached skill level 6 in Conjurations
  3634 | Sewer    | Reached skill level 5 in Spellcasting
  3634 | Sewer    | Reached XP level 6. HP: 2/36 MP: 9/14
  3727 | Sewer    | HP: 1/36 [giant frog (5)]
  3728 | Sewer    | Mangled by a giant frog

Action                   |  1- 3 |  4- 6 || total
-------------------------+-------+-------++-------
Melee: Unarmed           |     8 |       ||     8
       Spear             |    36 |       ||    36
       Short sword       |     4 |       ||     4
       Halberd           |       |    35 ||    35
 Cast: Magic Dart        |    46 |    79 ||   125
       Searing Ray       |     1 |     2 ||     3
 Stab: Sleeping          |     4 |     1 ||     5
  Eat: Chunk             |     3 |     6 ||     9
